| TOP OF THE 1ST |
|
Auburn Doubledays batting - Pitching for Tri-City Dust Devils : RHP Nick Goodlow
|
|
Pitching: RHP Nick Goodlow
|
|
|
Batting: LHB Vince McLane
|
0-0: Called Strike 0-1: Ball 1-1: Called Strike 1-2: Ball 2-2: Strikes out swinging
|
|
Batting: LHB Adam Lancaster
|
0-0: Called Strike 0-1: Ball 1-1: Called Strike 1-2: Strikes out looking
|
|
Batting: RHB Leo Gutierrez
|
0-0: Ball 1-0: Ball 2-0: Called Strike 2-1: Ball 3-1: Called Strike 3-2: Ground out 6-3 (Groundball, 6, EV 80.0 MPH)
|
| Top of the 1st over - 0 runs, 0 hits, 0 errors, 0 left on base; Auburn 0 - Tri-City 0 |
| BOTTOM OF THE 1ST |
|
Tri-City Dust Devils batting - Pitching for Auburn Doubledays : RHP Sentos Alatas
|
|
Pitching: RHP Sentos Alatas
|
|
|
Batting: LHB Ramon Vega
|
0-0: Called Strike 0-1: Ball 1-1: Foul Ball, location: 2F 1-2: Foul Ball, location: 2F 1-2: Fly out, F8 (Line Drive, 8RM, EV 94.4 MPH)
|
|
Batting: LHB Phil Lerner
|
0-0: Swinging Strike 0-1: Foul Ball, location: 2F 0-2: Foul Ball, location: 2F 0-2: Ball 1-2: Strikes out swinging
|
|
Batting: RHB Mike MacLeod
|
0-0: SOLO HOME RUN (Flyball, 7LD, EV 88.8 MPH), Distance : 331 ft
|
|
Batting: SHB Isaiah Scates
|
0-0: Foul Ball, location: 2F 0-1: Ball 1-1: Ball 2-1: Foul Ball, location: 2F 2-2: Ball 3-2: Strikes out looking
|
| Bottom of the 1st over - 1 run, 1 hit, 0 errors, 0 left on base; Auburn 0 - Tri-City 1 |
| TOP OF THE 2ND |
|
Auburn Doubledays batting - Pitching for Tri-City Dust Devils : RHP Nick Goodlow
|
|
Batting: RHB Er Le
|
0-0: Called Strike 0-1: Ball 1-1: Foul Ball, location: 2F 1-2: Foul Ball, location: 2F 1-2: Ball 2-2: Ball 3-2: Strikes out looking
|
|
Batting: RHB Steve Bauman
|
0-0: Called Strike 0-1: Ground out 6-3 (Groundball, 6, EV 98.1 MPH)
|
|
Batting: RHB Travis Stanley
|
0-0: Called Strike 0-1: Ball 1-1: Ball 2-1: SINGLE (Groundball, 56S, EV 71.2 MPH) (infield hit)
|
|
Batting: SHB Alex Medina
|
0-0: Ball 1-0: Called Strike Travis Stanley steals 2nd, throwing error, E2 Travis Stanley to third 1-1: Ball 2-1: Foul Ball, location: 2F 2-2: Ball Passed Ball! Travis Stanley scores 3-2: Strikes out swinging
|
| Top of the 2nd over - 1 run, 1 hit, 1 error, 0 left on base; Auburn 1 - Tri-City 1 |
| BOTTOM OF THE 2ND |
|
Tri-City Dust Devils batting - Pitching for Auburn Doubledays : RHP Sentos Alatas
|
|
Batting: RHB Hector Fernandez
|
0-0: Ball 1-0: DOUBLE (Groundball, 5L, EV 100.6 MPH)
|
|
Batting: RHB Eric McMillian
|
Balk! Hector Fernandez to third 0-0: Ball 1-0: Fly out, F8 (Flyball, 8RXD, EV 86.9 MPH) Runner from 3rd tags up, SCORES, no throw by CF
|
|
Batting: RHB Phil McFadden
|
0-0: Called Strike 0-1: Called Strike 0-2: Strikes out looking
|
|
Batting: RHB Frank Elizondo
|
0-0: Called Strike 0-1: Ball 1-1: Ball 2-1: Ground out 4-3 (Groundball, 4S, EV 83.8 MPH)
|
| Bottom of the 2nd over - 1 run, 1 hit, 0 errors, 0 left on base; Auburn 1 - Tri-City 2 |
| TOP OF THE 3RD |
|
Auburn Doubledays batting - Pitching for Tri-City Dust Devils : RHP Nick Goodlow
|
|
Batting: RHB Scott Skoglund
|
0-0: Ball 1-0: Called Strike 1-1: Called Strike 1-2: Fly out, F7 (Flyball, 78S, EV 93.8 MPH)
|
|
Batting: LHB Adam Jacobs
|
0-0: Ball 1-0: Called Strike 1-1: SINGLE (Flyball, 4MD, EV 83.8 MPH)
|
|
Batting: LHB Vince McLane
|
0-0: Swinging Strike 0-1: Swinging Strike 0-2: Strikes out swinging
|
|
Batting: LHB Adam Lancaster
|
0-0: Ball 1-0: Foul Ball, location: 2F 1-1: SINGLE (Groundball, 34, EV 107.5 MPH) Adam Jacobs to second Runner from 2nd tries for 3rd, SAFE, throw by RF made to third
|
|
Batting: RHB Leo Gutierrez
|
0-0: Ball 1-0: Ball Wild Pitch! Adam Jacobs scores Adam Lancaster to second 2-0: Foul Ball, location: 2F 2-1: Swinging Strike 2-2: Ball 3-2: Strikes out swinging
|
| Top of the 3rd over - 1 run, 2 hits, 0 errors, 1 left on base; Auburn 2 - Tri-City 2 |
| BOTTOM OF THE 3RD |
|
Tri-City Dust Devils batting - Pitching for Auburn Doubledays : RHP Sentos Alatas
|
|
Batting: RHB Max Stillo
|
0-0: Ball 1-0: Swinging Strike 1-1: Ball 2-1: Ball 3-1: Base on Balls
|
|
Batting: LHB Ramon Vega
|
0-0: Ground out 6-3 (Groundball, P, EV 88.1 MPH) Max Stillo to second
|
|
Batting: LHB Phil Lerner
|
0-0: Ball 1-0: Foul Ball, location: 2F 1-1: Ball 2-1: Foul Ball, location: 2F 2-2: Foul Ball, location: 2F 2-2: DOUBLE (Line Drive, 9LM, EV 87.5 MPH) Max Stillo scores
|
|
Batting: RHB Mike MacLeod
|
0-0: Ball 1-0: Ground out 6-3 (Groundball, 6, EV 83.8 MPH)
|
|
Batting: SHB Isaiah Scates
|
0-0: Foul Ball, location: 2F 0-1: Ball 1-1: Ball 2-1: Ball 3-1: Foul Ball, location: 2F 3-2: DOUBLE (Groundball, 3L, EV 101.9 MPH) Phil Lerner scores
|
|
Batting: RHB Hector Fernandez
|
0-0: Called Strike 0-1: Ground out 5-3 (Groundball, 56D, EV 79.4 MPH)
|
| Bottom of the 3rd over - 2 runs, 2 hits, 0 errors, 1 left on base; Auburn 2 - Tri-City 4 |
| TOP OF THE 4TH |
|
Auburn Doubledays batting - Pitching for Tri-City Dust Devils : RHP Nick Goodlow
|
|
Batting: RHB Er Le
|
0-0: Ball 1-0: Fly out, F8 (Flyball, 8RM, EV 83.1 MPH)
|
|
Batting: RHB Steve Bauman
|
0-0: Fly out, F5 (Popup, 56, EV 67.5 MPH)
|
|
Batting: RHB Travis Stanley
|
0-0: Swinging Strike 0-1: SINGLE (Groundball, 34D, EV 105.0 MPH)
|
|
Batting: SHB Alex Medina
|
0-0: Ball 1-0: Called Strike 1-1: Foul Ball, location: 2F 1-2: Ball 2-2: Foul Ball, location: 2F 2-2: Ground out 4-3 (Groundball, 34, EV 106.2 MPH)
|
| Top of the 4th over - 0 runs, 1 hit, 0 errors, 1 left on base; Auburn 2 - Tri-City 4 |
| BOTTOM OF THE 4TH |
|
Tri-City Dust Devils batting - Pitching for Auburn Doubledays : RHP Sentos Alatas
|
|
Batting: RHB Eric McMillian
|
0-0: Ground out 6-3 (Groundball, 4M, EV 84.4 MPH)
|
|
Batting: RHB Phil McFadden
|
0-0: Called Strike 0-1: Ball 1-1: Ball 2-1: Ball 3-1: Foul Ball, location: 2F 3-2: Foul Ball, location: 2F 3-2: SINGLE (Groundball, 56, EV 102.5 MPH)
|
|
Batting: RHB Frank Elizondo
|
0-0: Foul Ball, location: 2F 0-1: Ball 1-1: Ball 2-1: Foul Ball, location: 2F 2-2: Ball 3-2: Base on Balls Phil McFadden to second
|
|
Batting: RHB Max Stillo
|
0-0: Ball 1-0: Fly out, F6 (Popup, 6MS, EV 86.2 MPH)
|
|
Batting: LHB Ramon Vega
|
0-0: Ball 1-0: Swinging Strike 1-1: Foul Ball, location: 2F 1-2: Strikes out swinging
|
| Bottom of the 4th over - 0 runs, 1 hit, 0 errors, 2 left on base; Auburn 2 - Tri-City 4 |
| TOP OF THE 5TH |
|
Auburn Doubledays batting - Pitching for Tri-City Dust Devils : RHP Nick Goodlow
|
|
Batting: RHB Scott Skoglund
|
0-0: Ball 1-0: Called Strike 1-1: Swinging Strike 1-2: Ball 2-2: Foul Ball, location: 2F 2-2: Foul Ball, location: 2F 2-2: Ball 3-2: Foul Ball, location: 2F 3-2: Ground out 5-3 (Groundball, 5, EV 91.9 MPH)
|
|
Batting: LHB Adam Jacobs
|
0-0: Ball 1-0: Called Strike 1-1: Fly out, F7 (Line Drive, 78M, EV 105.6 MPH)
|
|
Batting: LHB Vince McLane
|
0-0: Ball 1-0: Ball 2-0: Called Strike 2-1: Ball 3-1: Fly out, F6 (Popup, 4M, EV 64.4 MPH)
|
| Top of the 5th over - 0 runs, 0 hits, 0 errors, 0 left on base; Auburn 2 - Tri-City 4 |
| BOTTOM OF THE 5TH |
|
Tri-City Dust Devils batting - Pitching for Auburn Doubledays : RHP Sentos Alatas
|
|
Batting: LHB Phil Lerner
|
0-0: Ball 1-0: SINGLE (Groundball, 6MD, EV 101.2 MPH)
|
|
Batting: RHB Mike MacLeod
|
Balk! Phil Lerner to second 0-0: Called Strike 0-1: Ball Balk! Phil Lerner to third 1-1: Ball 2-1: Swinging Strike 2-2: Foul Ball, location: 2F 2-2: Ball 3-2: Base on Balls
|
|
Batting: SHB Isaiah Scates
|
0-0: Called Strike 0-1: Ball 1-1: Foul Ball, location: 2F 1-2: Ball 2-2: Ground out 4-3 (Groundball, 34D, EV 101.2 MPH) Phil Lerner scores Mike MacLeod to second
|
|
Pitching: RHP Josh Jenkins
|
|
|
Batting: RHB Hector Fernandez
|
0-0: Foul Ball, location: 2F 0-1: Swinging Strike 0-2: Ball 1-2: Foul Ball, location: 2F 1-2: Strikes out swinging
|
|
Batting: RHB Eric McMillian
|
0-0: Ball Passed Ball! Mike MacLeod to third 1-0: Foul Ball, location: 2F 1-1: Ball 2-1: Ground out 6-3 (Groundball, 6MD, EV 111.9 MPH)
|
| Bottom of the 5th over - 1 run, 1 hit, 0 errors, 1 left on base; Auburn 2 - Tri-City 5 |
| TOP OF THE 6TH |
|
Auburn Doubledays batting - Pitching for Tri-City Dust Devils : RHP Nick Goodlow
|
|
Batting: LHB Adam Lancaster
|
0-0: Foul Ball, location: 2F 0-1: Called Strike 0-2: Ball 1-2: Ball 2-2: Ball 3-2: Ground out 4-3 (Groundball, 4, EV 103.1 MPH)
|
|
Batting: RHB Leo Gutierrez
|
0-0: Called Strike 0-1: Ball 1-1: Called Strike 1-2: Strikes out swinging
|
|
Batting: RHB Er Le
|
0-0: Swinging Strike 0-1: Ball 1-1: Ball 2-1: Ball 3-1: Base on Balls
|
|
Pitching: RHP Chris Pisor
|
|
|
Batting: RHB Steve Bauman
|
0-0: Ball 1-0: Ground out 5-3 (Groundball, 56S, EV 66.9 MPH)
|
| Top of the 6th over - 0 runs, 0 hits, 0 errors, 1 left on base; Auburn 2 - Tri-City 5 |
| BOTTOM OF THE 6TH |
|
Tri-City Dust Devils batting - Pitching for Auburn Doubledays : RHP Josh Jenkins
|
|
Batting: RHB Phil McFadden
|
0-0: Ball 1-0: Foul Ball, location: 2F 1-1: Ball 2-1: Called Strike 2-2: Fly out, F8 (Line Drive, 8RD, EV 100.0 MPH)
|
|
Batting: RHB Frank Elizondo
|
0-0: Called Strike 0-1: Reached on error, E6 (Groundball, 6, EV 87.5 MPH)
|
|
Batting: RHB Max Stillo
|
0-0: Called Strike 0-1: Called Strike 0-2: Ball 1-2: Strikes out swinging
|
|
Batting: LHB Ramon Vega
|
0-0: DOUBLE (Groundball, 3L, EV 97.5 MPH) Frank Elizondo scores
|
|
Batting: LHB Phil Lerner
|
0-0: Foul Ball, location: 2F 0-1: Called Strike 0-2: Ball 1-2: Ball 2-2: Ball 3-2: Base on Balls
|
|
Batting: RHB Mike MacLeod
|
0-0: Called Strike 0-1: Called Strike 0-2: Foul Ball, location: 2F 0-2: Foul Ball, location: 2F 0-2: Strikes out swinging
|
| Bottom of the 6th over - 1 run, 1 hit, 1 error, 2 left on base; Auburn 2 - Tri-City 6 |
| TOP OF THE 7TH |
|
Auburn Doubledays batting - Pitching for Tri-City Dust Devils : RHP Chris Pisor
|
|
Batting: RHB Travis Stanley
|
0-0: Ball 1-0: Ball 2-0: Foul Ball, location: 2F 2-1: Ground out 6-3 (Groundball, 6, EV 82.5 MPH)
|
|
Batting: SHB Alex Medina
|
0-0: Swinging Strike 0-1: Ball 1-1: SOLO HOME RUN (Flyball, 9LD, EV 96.9 MPH), Distance : 344 ft
|
|
Batting: RHB Scott Skoglund
|
0-0: Called Strike 0-1: Foul Ball, location: 2F 0-2: Strikes out looking
|
|
Batting: LHB Adam Jacobs
|
0-0: Foul Ball, location: 2F 0-1: Ball 1-1: Called Strike 1-2: Strikes out looking
|
| Top of the 7th over - 1 run, 1 hit, 0 errors, 0 left on base; Auburn 3 - Tri-City 6 |
| BOTTOM OF THE 7TH |
|
Tri-City Dust Devils batting - Pitching for Auburn Doubledays : RHP Josh Jenkins
|
|
Batting: SHB Isaiah Scates
|
0-0: Called Strike 0-1: Foul Ball, location: 2F 0-2: Ball 1-2: Ball 2-2: Strikes out looking
|
|
Batting: RHB Hector Fernandez
|
0-0: Called Strike 0-1: Called Strike 0-2: Ball 1-2: SINGLE (Line Drive, 7S, EV 98.8 MPH)
|
|
Pitching: RHP Brent Wainwright
|
|
|
Batting: RHB Eric McMillian
|
0-0: Called Strike 0-1: Called Strike 0-2: Ball 1-2: DOUBLE (Line Drive, 8RXD, EV 100.0 MPH) Hector Fernandez to third Runner from 3rd tries for Home, SAFE, throw by CF to home
|
|
Batting: RHB Phil McFadden
|
0-0: Foul Ball, location: 2F 0-1: Foul Ball, location: 2F 0-2: Strikes out swinging
|
|
Batting: RHB Frank Elizondo
|
0-0: Called Strike 0-1: Ground out 6-3 (Groundball, 6, EV 85.0 MPH)
|
| Bottom of the 7th over - 1 run, 2 hits, 0 errors, 1 left on base; Auburn 3 - Tri-City 7 |
| TOP OF THE 8TH |
|
Auburn Doubledays batting - Pitching for Tri-City Dust Devils : RHP Chris Pisor
|
|
Batting: LHB Vince McLane
|
0-0: Called Strike 0-1: SINGLE (Groundball, 34D, EV 91.9 MPH) (infield hit)
|
|
Batting: LHB Adam Lancaster
|
0-0: Reached on error, E4 (Groundball, 34, EV 85.6 MPH) Vince McLane to second
|
|
Batting: RHB Leo Gutierrez
|
0-0: Ball 1-0: Fielders Choice at 2nd, 4-6 (Groundball, 34, EV 86.9 MPH) Vince McLane to third
|
|
Batting: RHB Er Le
|
0-0: Ball 1-0: Called Strike 1-1: Foul Ball, location: 2F 1-2: Ball 2-2: Foul Ball, location: 2F 2-2: Ball 3-2: Base on Balls Leo Gutierrez to second
|
|
Batting: RHB Steve Bauman
|
0-0: Swinging Strike 0-1: Ball 1-1: Called Strike 1-2: Ball 2-2: Ball 3-2: Base on Balls Vince McLane scores Leo Gutierrez to third Er Le to second
|
|
Pitching: RHP Gilberto Ricalde
|
|
|
Batting: RHB Travis Stanley
|
0-0: Ball 1-0: Grounds into fielders choice 6-2 (Groundball, 6S, EV 65.0 MPH) Er Le to third Steve Bauman to second
|
|
Batting: SHB Alex Medina
|
0-0: Fielders Choice at 2nd, 5-4 (Groundball, 56, EV 84.4 MPH)
|
| Top of the 8th over - 1 run, 1 hit, 1 error, 3 left on base; Auburn 4 - Tri-City 7 |
| BOTTOM OF THE 8TH |
|
Tri-City Dust Devils batting - Pitching for Auburn Doubledays : RHP Brent Wainwright
|
|
Batting: RHB Max Stillo
|
0-0: Foul Ball, location: 2F 0-1: Called Strike 0-2: Foul Ball, location: 2F 0-2: Strikes out swinging
|
|
Batting: LHB Ramon Vega
|
0-0: Ball 1-0: Ball 2-0: Swinging Strike 2-1: Ball 3-1: Base on Balls
|
|
Batting: LHB Phil Lerner
|
0-0: Ball Ramon Vega steals 2nd base 1-0: Called Strike 1-1: DOUBLE (Line Drive, 7LS, EV 103.1 MPH) Ramon Vega scores
|
|
Batting: RHB Mike MacLeod
|
0-0: Called Strike 0-1: Ball 1-1: Called Strike 1-2: Ball 2-2: Ball 3-2: Foul Ball, location: 2F 3-2: SINGLE (Groundball, 15S, EV 74.4 MPH) (infield hit) Phil Lerner to third
|
|
Batting: SHB Isaiah Scates
|
0-0: Ball 1-0: Ball Wild Pitch! Phil Lerner scores Mike MacLeod to second 2-0: SINGLE (Line Drive, 34D, EV 98.8 MPH) Mike MacLeod to third
|
|
Batting: RHB Hector Fernandez
|
0-0: Ball 1-0: Called Strike 1-1: Ball Wild Pitch! Mike MacLeod scores Isaiah Scates to second 2-1: Swinging Strike 2-2: Ball 3-2: Ground out 5-3 (Groundball, 56, EV 82.5 MPH)
|
|
Batting: RHB Eric McMillian
|
0-0: Ball 1-0: Called Strike 1-1: Foul Ball, location: 2F 1-2: Ball 2-2: Foul Ball, location: 2F 2-2: Ground out 5-3 (Groundball, 56, EV 78.1 MPH)
|
| Bottom of the 8th over - 3 runs, 3 hits, 0 errors, 1 left on base; Auburn 4 - Tri-City 10 |
| TOP OF THE 9TH |
|
Auburn Doubledays batting - Pitching for Tri-City Dust Devils : RHP Gilberto Ricalde
|
|
Batting: RHB Scott Skoglund
|
0-0: Ground out 6-3 (Groundball, 6M, EV 78.8 MPH)
|
|
Batting: LHB Adam Jacobs
|
0-0: Ball 1-0: Called Strike 1-1: Swinging Strike 1-2: Ball 2-2: Ball 3-2: Strikes out swinging
|
|
Batting: LHB Vince McLane
|
0-0: Ball 1-0: Ball 2-0: SINGLE (Groundball, 4MD, EV 103.1 MPH)
|
|
Batting: LHB Adam Lancaster
|
0-0: Foul Ball, location: 2F 0-1: Ball 1-1: Swinging Strike 1-2: Strikes out swinging
|
| Top of the 9th over - 0 runs, 1 hit, 0 errors, 1 left on base; Auburn 4 - Tri-City 10 |
|